 Dungeon Crawl Stone Soup version 0.23.2-33-g5129a83184 (webtiles) character file.

Game seed: 3125171461252755544

53 redwoodhats the Skirmisher (level 3, -6/33 HPs)
             Began as a Ghoul Abyssal Knight on July 24, 2019.
             Was a Believer of Lugonu.
             Mangled by Crazy Yiuf
             ... wielding a +4 quarterstaff of chaos
              (8 damage)
             ... while paralysed by Crazy Yiuf
             ... on level 2 of the Dungeon.
             The game lasted 00:06:05 (1294 turns).

redwoodhats the Skirmisher (Ghoul Abyssal Knight)   Turns: 1294, Time: 00:06:06

Health: -6/33      AC:  4    Str: 16    XL:     3   Next: 87%
Magic:  0/3        EV:  2    Int:  7    God:    Lugonu [**....]
Gold:   88         SH:  0    Dex: 13    Spells: 2/2 levels left

rFire    . . .     SeeInvis .     - Unarmed
rCold    + . .     Gourm    .   (no shield)
rNeg     + + +     Faith    .   a - +0 leather armour
rPois    ∞         Spirit   +   (no helmet)
rElec    .         Reflect  .   (no cloak)
rCorr    .         Harm     .   k - +0 pair of gloves
MR       .....                  (no boots)
Stlth    ++........             g - amulet of guardian spirit
HPRegen  0.00/turn              i - ring of wizardry
MPRegen  0.08/turn              (no ring)

@: paralysed, agile, rotting, slowed
A: rotting body, claws 1, carnivore, cold resistance 1, negative energy
resistance 3, inhibited regeneration, torment resistance, unbreathing
a: Depart the Abyss, Bend Space, Renounce Religion


You were on level 2 of the Dungeon.
You worshipped Lugonu.
Lugonu was pleased with you.
You were not hungry.

You visited 1 branch of the dungeon, and saw 2 of its levels.
You visited the Abyss 1 time.

You collected 88 gold pieces.

Inventory:

Armour
 a - a +0 leather armour (worn)
 k - a +0 pair of gloves (worn)
Jewellery
 g - an amulet of guardian spirit (around neck)
 h - an uncursed amulet of magic regeneration
 i - a ring of wizardry (left hand)
Scrolls
 c - a scroll of noise {unknown}
Comestibles
 b - a ration


   Skills:
 + Level 4.0 Fighting
 + Level 2.2 Armour
 + Level 1.5 Dodging
 + Level 2.8 Unarmed Combat
 + Level 2.1 Invocations


You had 2 spell levels left.
You didn't know any spells.
Your spell library was empty.

Dungeon Overview and Level Annotations

Branches:
Dungeon (2/15)

Altars:
Trog

Annotations:
D:2 Crazy Yiuf


Innate Abilities, Weirdness & Mutations

Your body is rotting away.
You thrive on raw meat.
You are immune to poison.
You have sharp fingernails.
You are carnivorous and can eat meat at any time.
Your flesh is cold resistant. (rC+)
You are immune to negative energy. (rN+++)
You do not regenerate when monsters are visible.
You are immune to unholy pain and torment.
You can survive without breathing.


Message History

You hit Crazy Yiuf but do no damage.
Crazy Yiuf is lightly wounded.
Crazy Yiuf misses you.
You hit Crazy Yiuf.
Crazy Yiuf is moderately wounded.
Crazy Yiuf completely misses you. Crazy Yiuf closely misses you.
You hit Crazy Yiuf.
Crazy Yiuf is moderately wounded.
Crazy Yiuf hits you with a +4 quarterstaff of chaos.
You hit Crazy Yiuf.
Crazy Yiuf is severely wounded.
Crazy Yiuf hits you with a +4 quarterstaff of chaos.
You suddenly lose the ability to move!
Crazy Yiuf drinks a potion.
Crazy Yiuf is healed!
Crazy Yiuf hits you with a +4 quarterstaff of chaos.
* * * LOW HITPOINT WARNING * * *
Crazy Yiuf burns you.
* * * LOW HITPOINT WARNING * * *
Crazy Yiuf hits you with a +4 quarterstaff of chaos!
You die...

#............
#..........##
#..........#.
#####......#. #......#.
#######.....##.
###**###.#..#.........
#...##..#..........##.
#...g@####.........#..
#)..### ##.#........#
###** ####.......#
#.####.†# #.#**#..#
*****#..,,#..#
**********,*,*.##*,...#
*,,,,,,,,,,*,*,***##.##
*,,,,,,,,,,*,,,,,,,..##


You could see Crazy Yiuf.

Vanquished Creatures
  An ooze (D:1)
  A worm (D:2)
  2 dart slugs (D:1)
  A leopard gecko (D:1)
  3 giant cockroaches (D:1)
  7 hobgoblins
  A quokka (D:2)
  5 bats
  2 frilled lizards
  5 goblins (D:1)
  5 kobolds
  5 rats
38 creatures vanquished.

Notes
Turn   | Place    | Note
-------+----------+-------------------------------------------
     0 | Abyss:1  | redwoodhats the Ghoul Abyssal Knight began the quest for
                  | the Orb.
     0 | Abyss:1  | Reached XP level 1. HP: 19/19 MP: 1/1
    44 | Abyss:1  | Noticed a fire giant skeleton
    46 | Abyss:1  | Noticed a tentacled starspawn
    47 | D:1      | Escaped the Abyss
   123 | D:1      | Reached XP level 2. HP: 18/26 MP: 2/2
   126 | D:1      | Reached * piety under Lugonu
   314 | D:1      | Reached skill level 1 in Dodging
   389 | D:1      | Reached XP level 3. HP: 8/29 MP: 3/3
   488 | D:1      | Reached skill level 4 in Fighting
   830 | D:2      | Found a bloodstained altar of Trog.
  1060 | D:2      | Found a faded altar of an unknown god.
  1213 | D:2      | Reached ** piety under Lugonu
  1229 | D:2      | Found a runed translucent door.
  1230 | D:2      | Noticed Crazy Yiuf
  1291 | D:2      | Paralysed by Crazy Yiuf for 6 turns
  1294 | D:2      | Mangled by Crazy Yiuf

Skill      XL: |  1  2  3 |
---------------+----------+-----
Armour         | 2 |  2.2
Dodging        | 1 |  1.5
Fighting       | 4 |  4.0
Unarmed Combat | |  2.8
Invocations    | |  2.1

Action                   || total
-------------------------++-------
Melee: Unarmed           ||   146
Invok: Depart the Abyss  ||     1
  Use: Scroll            ||     4
       Potion            ||     2
  Eat: Ration            ||     1
Armor: Leather armour    ||    59
Dodge: Dodged            ||   108
